 Dungeon Sprint DCSS version 0.15-a0-1206-g3bad1a6 (webtiles) character file.

21400000 Infinimo the Axe Maniac (level 27, 0/248 (249) HPs)
             Began as a Formicid Earth Elementalist on June 1, 2014.
             Was the Champion of Makhleb.
             Slain by a bag of meat
             ... wielding a +9,+9 war axe
              (13 damage)
             ... in the Dungeon (Sprint VIII: "Arena of Blood").
             The game lasted 00:03:14 (214 turns).

Infinimo the Axe Maniac (FoEE)                       Turns: 214, Time: 00:03:14

HP   0/248 (249) AC  4     Str 13      XL: 27
MP  50/50        EV 35     Int 19      God: Makhleb [******]
Gold 0           SH  0     Dex 20      Spells:  1 memorised, 79 levels left

rFire  + . .     SeeInvis +     g - +∞ Axe of Woe
rCold  . . .     Clarity  .     c - +0 robe
rNeg   . . .     rCorr    .     (no shield)
rPois  .         rRot     .     (helmet unavailable)
rElec  .         Spirit   .     (no cloak)
SustAb .         Warding  .     (no gloves)
rMut   .         Stasis   +     (no boots)
Gourm  .                        (no amulet)
MR     ++...                    (no ring)
                                i - ring of protection from fire

@: confused, lethally poisoned, very resistant to hostile enchantments, stealthy
A: permanent stasis, dig shafts and tunnels, four strong arms, antennae 3
a: Dig, Minor Destruction, Lesser Servant of Makhleb, Major Destruction, Greater
Servant of Makhleb, Renounce Religion


You were in the Dungeon.
You worshipped Makhleb.
Makhleb was exalted by your worship.
You were not hungry.

You visited 1 branch

Inventory:

Hand weapons
 g - the +∞,+∞ Axe of Woe (weapon)
   (You found it in the Dungeon)
Missiles
 b - 20 stones (quivered)
Armour
 c - a +0 robe (worn)
Comestibles
 a - a bread ration
Jewellery
 i - a ring of protection from fire (left hand)
Potions
 e - a potion of curing
 f - a potion of heal wounds
 h - 2 potions of magic
Books
 d - a book of Geomancy

   Spells                             Type                      Level
   *Sandblast                         Earth                        1
   Stoneskin                          Transmutation/Earth          2
   Passwall                           Transmutation/Earth          3
   Stone Arrow                        Conjuration/Earth            3
   Petrify                            Transmutation/Earth          4
   Lee's Rapid Deconstruction         Earth                        5


   Skills:
 O Level 27 Fighting
 O Level 27 Axes
 O Level 27 Throwing
 O Level 27 Armour
 O Level 27 Dodging
 O Level 27 Stealth
 O Level 27 Unarmed Combat
 O Level 27 Spellcasting
   Level 1.1 Transmutations
 O Level 27 Earth Magic
 O Level 27 Invocations


You had 79 spell levels left.
You knew the following spells:

 Your Spells              Type           Power        Failure   Level  Hunger
a - Sandblast             Erth           ######       0%          1    None


Dungeon Overview and Level Annotations

Branches:
Dungeon (1/1)

Altars:
Makhleb


Innate Abilities, Weirdness & Mutations

Your are under a permanent stasis effect.
You can dig through walls and to a lower floor.
Your four strong arms can wield two-handed weapons with a shield.
You have a pair of large antennae on your head (SInv).


Message History

The destroyer hits you with a +9,+9 great sword of slicing!!!!
The destroyer bites you!
The destroyer draws strength from your injuries!
You hear a shout! x2
The scourge is engulfed in roaring flames.
The scourge throws poison at you.
You hear a shout! x3
The bag of meat is engulfed in roaring flames.
A vampire knight and a wraith come into view.
You are engulfed in roaring flames.
You resist.
You feel sick.
You hear a shout! x2
The vile throws miasma at you.
The foul vapour hits the scourge.
The scourge is poisoned.
The scourge seems to slow down.
The foul vapour hits you!
You are more poisoned.
Your stasis keeps you stable.
* * * LOW HITPOINT WARNING * * *
The bag of meat is engulfed in roaring flames.
The bag of meat hits you with a +9,+9 war axe!
You die...

. . #......# # .....
......# # ......
##...%.# ###.......
.....W.#
...........###.....#
.............D.§§§§#
.......#.#...M.§W§§####
........§..W.o.§§§§§#.#
......#.#.#.9§§S@§§#%##
))..)..%......oVWo§###
.)))z..#)#.#..#§W§§#
###.))§).))o.#...§§#
#..%..)X))))).#....#
#.....))))V9.#....%#
..........)9)......#
....#...#....W.##.%#
...#.o..#.V...##...#


You could see an accursed, an eight-headed meat hydra, 2 destroyers, a scourge,
a lost soul (invisible), 5 dreads, 2 viles and 4 bags of meat.

Vanquished Creatures
  7 great orbs of eyes (D)
  A hell beast (D)
  A hell knight (D)
  5 hill giants (D)
  4 hydras (D)
  3 liches (D)
  24 ogres (D)
  50 orcs (D)
  2 phantoms (D)
  4 skeletal warriors (D)
  11 vampire knights (D)
  2 wraiths (D)
  5 sea snakes (D)
  2 tentacled monstrosities (D)
  4 large abominations (D)
  4 small abominations (D)
  3 crawling corpses (D)
132 creatures vanquished.

Vanquished Creatures (others)
  3 crawling corpses (D)
3 creatures vanquished.

Grand Total: 135 creatures vanquished

Notes
Turn   | Place    | Note
--------------------------------------------------------------
     0 | D        | Infinimo, the Formicid Earth Elementalist, began the quest for the Orb.
     0 | D        | Reached XP level 1. HP: 13/13 MP: 3/3
     3 | D        | Noticed a bag of meat
     3 | D        | Noticed a meat berserker
     4 | D        | Noticed a bag of meat
     4 | D        | Noticed a bag of meat
     4 | D        | Became a worshipper of Makhleb the Destroyer
     5 | D        | Killed a meat berserker
     5 | D        | Reached skill level 24 in Axes
     5 | D        | Reached XP level 2. HP: 19/19 MP: 5/5
     5 | D        | Reached XP level 3. HP: 24/24 MP: 7/7
     5 | D        | Reached XP level 4. HP: 30/30 MP: 8/8
     5 | D        | Reached XP level 5. HP: 35/35 MP: 11/11
     5 | D        | Reached XP level 6. HP: 41/41 MP: 12/12
     5 | D        | Reached XP level 7. HP: 46/46 MP: 14/14
     5 | D        | Reached XP level 8. HP: 52/52 MP: 16/16
     5 | D        | Reached XP level 9. HP: 57/57 MP: 18/18
     5 | D        | Reached XP level 10. HP: 63/63 MP: 18/18
     5 | D        | Reached XP level 11. HP: 68/68 MP: 20/20
     6 | D        | Noticed a meat berserker
     7 | D        | Noticed a meat berserker
     7 | D        | Noticed a bag of meat
     8 | D        | Noticed a meat berserker
     8 | D        | Noticed a bag of meat
     8 | D        | Killed a bag of meat
     8 | D        | Acquired Makhleb's first power
     8 | D        | Reached skill level 27 in Axes
     8 | D        | Reached skill level 5 in Dodging
     8 | D        | Reached XP level 12. HP: 32/88 MP: 21/21
     8 | D        | Reached XP level 13. HP: 33/93 MP: 22/22
     9 | D        | Noticed a bag of meat
     9 | D        | Killed a meat berserker
    10 | D        | Noticed a bag of meat
    11 | D        | Killed a meat berserker
    11 | D        | Reached XP level 14. HP: 31/120 MP: 23/23
    11 | D        | Killed a bag of meat
    11 | D        | Acquired Makhleb's second power
    11 | D        | Reached XP level 15. HP: 83/131 MP: 24/24
    12 | D        | Killed a meat berserker
    12 | D        | Reached skill level 15 in Dodging
    13 | D        | Killed a bag of meat
    14 | D        | Noticed a meat berserker
    15 | D        | Noticed a destroyer
    15 | D        | Killed a bag of meat
    15 | D        | Acquired Makhleb's third power
    15 | D        | Reached XP level 16. HP: 146/150 MP: 24/24
    16 | D        | Noticed a meat berserker
    16 | D        | Noticed a bag of meat
    16 | D        | Noticed a meat berserker
    17 | D        | Noticed a bag of meat
    17 | D        | Noticed a bag of meat
    18 | D        | Noticed a bag of meat
    18 | D        | Noticed a bag of meat
    18 | D        | Noticed a meat berserker
    18 | D        | Noticed a bag of meat
    19 | D        | Noticed a bag of meat
    19 | D        | Noticed a bag of meat
    19 | D        | Killed a bag of meat
    19 | D        | Killed a meat berserker
    19 | D        | Killed a meat berserker
    19 | D        | Acquired Makhleb's fourth power
    19 | D        | Reached XP level 17. HP: 161/164 MP: 25/25
    20 | D        | Noticed a bag of meat
    20 | D        | Noticed a bag of meat
    20 | D        | Noticed a meat berserker
    20 | D        | Killed a meat berserker
    21 | D        | Noticed a bag of meat
    21 | D        | Killed a meat berserker
    21 | D        | Killed a bag of meat
    21 | D        | Reached XP level 18. HP: 173/179 MP: 26/26
    21 | D        | Killed a bag of meat
    21 | D        | Acquired Makhleb's fifth power
    22 | D        | Noticed a bag of meat
    22 | D        | Noticed a bag of meat
    23 | D        | Noticed a large bag of meat
    23 | D        | Noticed a bag of meat
    24 | D        | Noticed a meat berserker
    24 | D        | Noticed a bag of meat
    24 | D        | Noticed a bag of meat
    24 | D        | Killed a bag of meat
    24 | D        | Reached skill level 27 in Fighting
    24 | D        | Reached skill level 27 in Armour
    24 | D        | Killed a bag of meat
    24 | D        | Killed a bag of meat
    24 | D        | Reached skill level 27 in Dodging
    24 | D        | Reached XP level 19. HP: 189/189 MP: 26/33
    25 | D        | Noticed a bag of meat
    26 | D        | Noticed a bag of meat
    26 | D        | Killed a bag of meat
    26 | D        | Killed a bag of meat
    26 | D        | Killed a bag of meat
    27 | D        | Killed a bag of meat
    27 | D        | Killed a bag of meat
    27 | D        | Reached XP level 20. HP: 197/197 MP: 26/43
    27 | D        | Killed a meat berserker
    27 | D        | Killed a destroyer
    28 | D        | Noticed a meat berserker
    28 | D        | Noticed a destroyer
    28 | D        | Killed a bag of meat
    28 | D        | Reached skill level 27 in Earth Magic
    28 | D        | Killed a bag of meat
    28 | D        | Killed a large bag of meat
    28 | D        | Reached skill level 27 in Spellcasting
    28 | D        | Reached skill level 5 in Invocations
    28 | D        | Reached XP level 21. HP: 178/204 MP: 26/47
    29 | D        | Noticed a destroyer
    29 | D        | Noticed a destroyer
    29 | D        | Noticed a meat berserker
    30 | D        | Killed a meat berserker
    30 | D        | Reached skill level 10 in Invocations
    31 | D        | Noticed a bag of meat
    31 | D        | Noticed a bag of meat
    31 | D        | Noticed a bag of meat
    31 | D        | Noticed a meat berserker
    31 | D        | Killed a bag of meat
    31 | D        | Reached skill level 10 in Unarmed Combat
    31 | D        | Killed a bag of meat
    31 | D        | Reached skill level 10 in Throwing
    31 | D        | Reached skill level 15 in Stealth
    31 | D        | Killed a bag of meat
    31 | D        | Reached skill level 15 in Invocations
    31 | D        | Killed a bag of meat
    32 | D        | Noticed a large bag of meat
    32 | D        | Noticed a bag of meat
    33 | D        | Noticed a meat berserker
    33 | D        | Noticed a meat berserker
    33 | D        | Noticed a bag of meat
    33 | D        | Killed a meat berserker
    33 | D        | Reached skill level 15 in Unarmed Combat
    33 | D        | Reached XP level 22. HP: 145/212 MP: 28/48
    33 | D        | Killed a bag of meat
    33 | D        | Killed a bag of meat
    33 | D        | Reached skill level 15 in Throwing
    33 | D        | Killed a bag of meat
    34 | D        | Killed a destroyer
    34 | D        | Killed a meat berserker
    35 | D        | Noticed a destroyer
    35 | D        | Killed a bag of meat
    35 | D        | Killed a meat berserker
    35 | D        | Reached XP level 23. HP: 219/219 MP: 28/48
    35 | D        | Killed a meat berserker
    35 | D        | Reached skill level 27 in Stealth
    36 | D        | Killed a destroyer
    36 | D        | Killed a large bag of meat
    36 | D        | Reached skill level 27 in Invocations
    37 | D        | Noticed a destroyer
    37 | D        | Noticed a bag of meat
    37 | D        | Killed a bag of meat
    37 | D        | Killed a meat berserker
    38 | D        | Noticed a sculptor of flesh
    38 | D        | Killed a bag of meat
    38 | D        | Killed a bag of meat
    38 | D        | Reached skill level 27 in Unarmed Combat
    38 | D        | Reached XP level 24. HP: 227/227 MP: 29/49
    39 | D        | Noticed a bag of meat
    39 | D        | Noticed a large bag of meat
    39 | D        | Noticed a destroyer
    39 | D        | Noticed a sculptor of flesh
    39 | D        | Noticed a bag of meat
    39 | D        | Noticed a bag of meat
    40 | D        | Noticed a sculptor of flesh
    40 | D        | Killed a bag of meat
    40 | D        | Killed a destroyer
    40 | D        | Reached skill level 27 in Throwing
    40 | D        | Killed a sculptor of flesh
    40 | D        | Killed a destroyer
    41 | D        | Noticed a bag of meat
    41 | D        | Killed a bag of meat
    41 | D        | Killed a destroyer
    41 | D        | Killed a bag of meat
    41 | D        | Reached XP level 25. HP: 234/234 MP: 29/49
    42 | D        | Noticed a sculptor of flesh
    43 | D        | Noticed a sculptor of flesh
    44 | D        | Noticed a destroyer
    44 | D        | Killed a destroyer
    44 | D        | Killed a bag of meat
    44 | D        | Killed a bag of meat
    45 | D        | Noticed a bag of meat
    46 | D        | Noticed a bag of meat
    46 | D        | Noticed a bag of meat
    46 | D        | Noticed a bag of meat
    46 | D        | Noticed a bag of meat
    46 | D        | Noticed a destroyer
    47 | D        | Noticed a tyrant
    47 | D        | Noticed a bag of meat
    47 | D        | Noticed a bag of meat
    47 | D        | Noticed a bag of meat
    48 | D        | Noticed a tyrant
    48 | D        | Noticed a bag of meat
    48 | D        | Noticed a meat berserker
    48 | D        | Noticed a bag of meat
    51 | D        | Killed a bag of meat
    51 | D        | Killed a bag of meat
    51 | D        | Killed a sculptor of flesh
    52 | D        | Killed a bag of meat
    52 | D        | Killed a meat berserker
    52 | D        | Reached XP level 26. HP: 242/242 MP: 32/50
    53 | D        | Noticed a meat berserker
    54 | D        | Killed a bag of meat
    54 | D        | Killed a destroyer
    55 | D        | Killed a bag of meat
    55 | D        | Killed a bag of meat
    56 | D        | Noticed a tyrant
    56 | D        | Killed a large bag of meat
    56 | D        | Killed a bag of meat
    57 | D        | Noticed a bag of meat
    57 | D        | Noticed a tyrant
    58 | D        | Killed a bag of meat
    58 | D        | Killed a bag of meat
    61 | D        | Killed a sculptor of flesh
    61 | D        | Reached XP level 27. HP: 96/249 MP: 35/50
    62 | D        | Killed a meat berserker
    64 | D        | Killed a bag of meat
    70 | D        | Killed a bag of meat
    71 | D        | Killed a tyrant
    74 | D        | Killed a tyrant
    79 | D        | Noticed a meat berserker
    79 | D        | Killed a meat berserker
    84 | D        | Killed a sculptor of flesh
   104 | D        | Noticed a meat berserker
   104 | D        | Killed a meat berserker
   118 | D        | Noticed a bag of meat
   118 | D        | Killed a bag of meat
   128 | D        | Noticed a destroyer
   128 | D        | Killed a destroyer
   172 | D        | Noticed a bag of meat
   172 | D        | Noticed an observer
   172 | D        | Noticed a scourge
   172 | D        | Noticed an observer
   172 | D        | Noticed a meat berserker
   172 | D        | Noticed a lost soul
   173 | D        | Noticed a scourge
   173 | D        | Noticed a fleshlord
   173 | D        | Noticed a destroyer
   173 | D        | Killed a meat berserker
   176 | D        | Killed an observer
   177 | D        | Noticed a meat berserker
   177 | D        | Killed a meat berserker
   180 | D        | Killed a lost soul
   182 | D        | Killed a scourge
   183 | D        | Killed a scourge
   187 | D        | Killed a fleshlord
   189 | D        | Killed a destroyer
   190 | D        | Noticed a bag of meat
   190 | D        | Noticed a bag of meat
   190 | D        | Noticed a lost soul
   191 | D        | Noticed a lost soul
   191 | D        | Noticed a destroyer
   191 | D        | Noticed a scourge
   192 | D        | Killed a lost soul
   193 | D        | Killed a bag of meat
   194 | D        | Noticed a dread
   194 | D        | Noticed a meat berserker
   195 | D        | Noticed an observer
   195 | D        | Noticed an observer
   195 | D        | Noticed an observer
   195 | D        | Killed a bag of meat
   196 | D        | Noticed a meat beast
   197 | D        | Noticed an observer
   197 | D        | Killed a bag of meat
   197 | D        | Killed a scourge
   198 | D        | Noticed a large bag of meat
   198 | D        | Killed a meat berserker
   198 | D        | Killed a destroyer
   199 | D        | Noticed a meat berserker
   199 | D        | Noticed a scourge
   200 | D        | Noticed a scourge
   200 | D        | Noticed a dread
   200 | D        | Killed a dread
   201 | D        | Noticed a bag of meat
   201 | D        | Noticed a dread
   202 | D        | Noticed a meat berserker
   202 | D        | Killed an observer
   202 | D        | Killed a scourge
   203 | D        | Noticed a bag of meat
   203 | D        | Killed an observer
   203 | D        | Killed an observer
   204 | D        | Noticed an observer
   205 | D        | Noticed a scourge
   205 | D        | Noticed an accursed
   205 | D        | Killed a large bag of meat
   205 | D        | Killed a tyrant
   205 | D        | Killed a meat beast
   205 | D        | Killed a meat berserker
   206 | D        | Noticed an observer
   207 | D        | Noticed a bag of meat
   207 | D        | Killed a dread
   207 | D        | Killed an observer
   208 | D        | Noticed a dread
   208 | D        | Killed a meat berserker
   209 | D        | Noticed a large bag of meat
   210 | D        | Noticed a vile
   210 | D        | Noticed a vile
   210 | D        | Noticed a destroyer
   210 | D        | Killed a bag of meat
   210 | D        | Killed a scourge
   211 | D        | Noticed a bag of meat
   211 | D        | Killed an observer
   211 | D        | Killed a bag of meat
   211 | D        | Killed an observer
   212 | D        | Noticed a vile
   212 | D        | Noticed a dread
   213 | D        | Noticed a dread
   213 | D        | Killed a large bag of meat
   214 | D        | Noticed a dread
   214 | D        | Noticed a destroyer
   214 | D        | Slain by a bag of meat

Action                   |  1- 3 |  4- 6 |  7- 9 | 10-12 | 13-15 | 16-18 | 19-21 | 22-24 | 25-27 || total
-------------------------+-------+-------+-------+-------+-------+-------+-------+-------+-------++-------
Melee: Executioner's axe |     1 |       |       |     1 |     5 |     4 |     6 |     7 |    45 ||    69
 Abil: Dig               |       |       |       |       |       |       |       |       |     2 ||     2
 Stab: Distracted        |       |       |       |       |       |       |       |       |     2 ||     2
